Map: Hard Lead LE

Players

Rex

  • Race: Zerg Zerg
  • League: Master
  • Spawn Location: 11:00

Firefly - Winner!

  • Race: Protoss Protoss
  • Spawn Location: 5:00

Event: IEM Katowice 2024

VOD

Have the link to the VOD?

Description

Time

  • Played on: Dec. 5, 2023, 5:01 a.m.
  • Length: 17:16

All games in this series

Show
View Real Time Build Order
Export as new Build Order

Rex Zerg 

Build Orders: Hatch First, Lurkers 

Get SALT Encoding   

  12  0:00  Drone  
  13  0:12  Overlord  
  13  0:17  Drone  
  14  0:30  Drone x2  
  16  0:49  Hatchery  
  15  0:51  Drone  
  15  0:56  Drone  
  17  1:00  Drone  
  18  1:10  Extractor  
  17  1:14  Spawning Pool  
  17  1:17  Drone  
  17  1:20  Drone  
  18  1:28  Drone  
  19  1:40  Drone  
  20  1:50  Overlord  
  20  2:00  Queen  
  20  2:01  Zergling x4, Queen  
  26  2:10  Drone  
  26  2:13  Metabolic Boost  
  27  2:16  Drone  
  27  2:21  Drone  
  29  2:32  Zergling x2  
  30  2:38  Hatchery  
  30  2:43  Queen  
  31  2:48  Drone  
  31  2:49  Drone  
  33  2:53  Overlord  
  33  2:58  Zergling x2  
  34  2:59  Zergling x2  
  34  3:02  Drone  
  36  3:05  Overlord  
  36  3:15  Zergling x2  
  37  3:25  Drone x5  
  42  3:32  Drone  
  42  3:38  Drone  
  42  3:39  Queen  
  45  3:42  Spore Crawler  
  45  3:44  Drone  
  45  3:48  Overlord  
  45  3:49  Queen  
  45  3:51  Drone  
  45  3:53  Drone  
  49  3:58  Drone  
  49  4:00  Drone  
  49  4:01  Drone x3  
  54  4:04  Overlord  
  54  4:07  Drone  
  55  4:12  Spore Crawler  
  55  4:13  Drone x2  
  55  4:15  Drone x2  
  58  4:20  Queen  
  60  4:24  Drone  
  60  4:25  Overlord  
  60  4:34  Drone x5  
  60  4:35  Drone  
  60  4:37  Drone  
  64  4:39  Drone  
  64  4:40  Drone  
  64  4:44  Drone  
  67  4:47  Drone x2  
  67  4:50  Drone x3  
  72  4:55  Drone  
  72  4:59  Zergling x2  
  75  5:00  Zergling x2  
  75  5:04  Drone  
  75  5:05  Drone x3  
  79  5:07  Overlord  
  79  5:08  Zergling x4  
  78  5:20  Drone x4  
  78  5:27  Hatchery  
  78  5:28  Drone x5, Lair  
  80  5:34  Extractor  
  79  5:36  Extractor  
  79  5:37  Extractor, Spore Crawler  
  79  5:38  Extractor  
  79  5:39  Roach Warren  
  79  5:40  Drone x4  
  78  5:46  Drone x5  
  78  5:48  Drone  
  84  5:54  Overlord x2  
  84  5:59  Overlord  
  84  6:00  Overlord, Evolution Chamber  
  84  6:02  Overlord  
  84  6:03  Overlord  
  83  6:04  Overlord  
  83  6:09  Overlord  
  83  6:10  Overlord x3  
  82  6:13  Extractor  
  79  6:18  Roach x4  
  79  6:19  Roach x2  
  91  6:32  Roach x6  
  103  6:33  Zerg Missile Weapons Level 1  
  103  6:35  Glial Reconstitution  
  103  6:38  Roach x2  
  107  6:44  Roach x3  
  107  6:45  Roach  
  115  6:48  Zergling x2, Roach x2  
  115  6:49  Zergling x2  
  121  6:54  Zergling x2, Ravager  
  121  6:55  Zergling x4  
  121  6:58  Roach  
  127  7:04  Roach  
  127  7:05  Roach x5  
  139  7:13  Roach x6  
  151  7:16  Roach  
  151  7:18  Overlord  
  151  7:20  Overlord  
  152  7:23  Roach x2  
  152  7:27  Roach  
  152  7:28  Infestation Pit  
  152  7:29  Overlord  
  157  7:31  Roach  
  157  7:34  Roach x2  
  160  7:42  Roach x4  
  167  7:46  Drone x5  
  167  7:47  Drone  
  173  7:53  Drone x5  
  173  7:54  Ravager  
  179  7:58  Overlord  
  179  8:02  Overseer, Hydralisk Den  
  178  8:09  Hive  
  178  8:11  Evolution Chamber  
  177  8:17  Extractor  
  177  8:18  Extractor, Spore Crawler  
  174  8:24  Spine Crawler x2  
  174  8:26  Hatchery  
  171  8:28  Spore Crawler  
  171  8:30  Spore Crawler  
  166  8:51  Zerg Missile Weapons Level 2  
  166  8:53  Zerg Ground Armor Level 1, Lurker Den  
  166  8:54  Drone x6  
  171  8:56  Hydralisk x8  
  185  9:13  Hydralisk  
  185  9:14  Hydralisk x6  
  199  9:32  Adrenal Glands  
  199  9:38  Grooved Spines  
  196  9:53  Seismic Spines  
  196  9:58  Queen x2  
  189  10:11  Extractor, Drone x9  
  189  10:12  Drone x4  
  189  10:13  Extractor  
  197  10:18  Lurker  
  197  10:19  Lurker x6  
  199  10:23  Overseer  
  199  10:28  Muscular Augments  
  199  10:31  Lurker  
  200  10:46  Lurker x2  
  200  10:49  Zerg Ground Armor Level 2  
  200  10:50  Adaptive Talons  
  194  11:07  Viper x2  
  180  11:17  Spine Crawler  
  175  11:19  Spine Crawler  
  172  11:27  Drone  
  172  11:28  Drone x12  
  172  11:32  Spine Crawler  
  184  11:34  Hydralisk x8  
  184  11:35  Spine Crawler  
  184  11:38  Overseer x3  
  184  11:39  Zerg Missile Weapons Level 3  
  162  12:03  Overseer  
  162  12:04  Lurker x5, Spine Crawler x2  
  165  12:09  Spine Crawler  
  165  12:10  Spine Crawler  
  165  12:11  Drone x3, Spine Crawler x2  
  165  12:12  Spine Crawler  
  165  12:13  Spine Crawler x3  
  165  12:14  Spine Crawler  
  159  12:16  Hydralisk  
  159  12:17  Hydralisk x7  
  175  12:28  Lurker x5  
  175  12:29  Zergling x6  
  184  12:30  Zergling x2  
  184  12:34  Hydralisk x2  
  181  12:48  Hydralisk x5  
  185  13:03  Spire  
  156  13:15  Hydralisk x9  
  143  13:36  Overseer x2  
  143  13:41  Hydralisk x6  
  143  13:42  Zergling x8, Hydralisk  
  143  13:43  Zergling x2  
  153  13:57  Hydralisk x6  
  148  14:09  Hydralisk x4  
  138  14:18  Hydralisk x4  
  136  14:28  Overseer x2  
  136  14:29  Viper  
  136  14:30  Viper x3  
  146  14:47  Overlord x2  
  146  14:49  Zerg Flyer Armor Level 1  
  146  14:50  Lurker x2  
  148  14:54  Lurker x2  
  150  15:12  Corruptor x7  
  161  15:33  Corruptor  
  161  15:34  Corruptor x4  
  168  15:36  Lurker x2  
  168  15:53  Corruptor x4  
  131  16:26  Hydralisk x8  
  132  16:35  Hydralisk x3  
  132  16:38  Hydralisk  
  122  16:43  Hydralisk x3  
  122  16:46  Hydralisk  
  122  16:47  Hydralisk x8  
  115  16:49  Hydralisk  
  115  16:52  Drone x3  
  115  16:53  Drone  
  127  16:56  Overlord  
  127  16:57  Lurker x3  
Show
View Real Time Build Order
Export as new Build Order

Firefly Protoss - Winner!

Build Orders: 1 Gate Expand, Oracle Opening, Carriers, Zealot Archon 

Get SALT Encoding   

  12  0:00  Probe  
  13  0:12  Probe  
  14  0:20  Pylon  
  14  0:24  Probe  
  15  0:38  Probe (Chrono Boost)  
  16  0:45  Gateway  
  16  0:49  Probe (Chrono Boost)  
  17  0:51  Assimilator  
  17  0:54  Probe (Chrono Boost)  
  18  1:05  Probe  
  19  1:18  Probe  
  20  1:28  Nexus  
  20  1:38  Cybernetics Core  
  20  1:41  Probe  
  21  1:47  Assimilator  
  21  1:53  Probe  
  22  1:56  Pylon  
  22  2:07  Probe  
  23  2:12  Adept (Chrono Boost)  
  25  2:19  Probe  
  26  2:24  Stargate  
  26  2:31  Probe  
  26  2:33  Warp Gate  
  26  2:35  Adept (Chrono Boost)  
  27  2:41  Probe  
  27  2:43  Probe  
  31  2:53  Probe  
  31  2:55  Probe  
  31  2:57  Adept  
  35  3:05  Probe  
  36  3:07  Probe  
  36  3:09  Gateway, Oracle (Chrono Boost)  
  40  3:17  Probe  
  42  3:20  Probe  
  42  3:28  Gateway  
  42  3:31  Gateway  
  42  3:33  Pylon  
  44  3:40  Oracle (Chrono Boost)  
  44  3:44  Probe  
  46  3:52  Nexus  
  46  3:57  Probe  
  47  4:05  Probe  
  47  4:08  Pylon  
  47  4:09  Probe  
  49  4:14  Oracle (Chrono Boost)  
  52  4:18  Probe  
  52  4:20  Pylon  
  52  4:22  Probe  
  54  4:27  Twilight Council  
  54  4:29  Forge  
  54  4:30  Probe  
  55  4:37  Adept x2  
  59  4:39  Shield Battery, Probe  
  60  4:47  Probe  
  60  4:51  Probe  
  62  4:54  Assimilator  
  62  4:55  Assimilator  
  62  4:59  Probe  
  63  5:01  Pylon  
  63  5:03  Probe  
  64  5:11  Probe, Charge  
  65  5:15  Probe  
  66  5:26  Protoss Ground Weapons Level 1 (Chrono Boost), Probe  
  59  5:29  Probe  
  59  5:33  Probe  
  59  5:38  Gateway x2, Probe  
  59  5:40  Gateway  
  59  5:41  Probe  
  59  5:42  Gateway  
  61  5:43  Gateway  
  61  5:45  Probe  
  61  5:46  Gateway  
  61  5:49  Templar Archives  
  62  5:50  Probe  
  62  5:53  Zealot, Probe  
  66  5:57  Probe  
  66  6:02  Probe  
  68  6:04  Pylon  
  68  6:06  Stalker  
  69  6:14  Probe  
  70  6:19  Probe  
  70  6:20  Probe  
  72  6:28  High Templar  
  72  6:29  High Templar  
  76  6:33  High Templar, Zealot  
  76  6:35  Zealot, Pylon  
  76  6:36  Pylon  
  76  6:37  Zealot  
  76  6:38  Probe  
  85  6:45  Archon  
  85  6:46  High Templar, Zealot  
  89  6:47  Nexus, Pylon  
  89  6:48  Pylon  
  89  6:49  Pylon  
  89  6:50  Archon  
  89  6:55  Zealot  
  89  6:57  Photon Cannon  
  89  6:59  Zealot x2  
  89  7:00  Zealot  
  97  7:01  Zealot  
  97  7:03  Probe x2  
  97  7:05  Zealot  
  97  7:06  Protoss Ground Weapons Level 2 (Chrono Boost)  
  97  7:07  Zealot  
  105  7:19  Blink  
  103  7:27  Robotics Facility  
  103  7:28  Probe x3  
  106  7:32  Assimilator  
  106  7:33  Assimilator  
  104  7:40  Probe  
  105  7:48  Probe x2  
  105  7:52  Probe  
  104  7:58  Shield Battery  
  104  8:00  Shield Battery, Probe x2  
  104  8:03  Probe  
  104  8:04  Probe  
  108  8:11  Immortal (Chrono Boost), Stalker x8  
  124  8:13  Pylon  
  124  8:14  Pylon  
  126  8:37  Probe x2  
  126  8:40  Stalker x8  
  144  8:43  Assimilator  
  144  8:46  Assimilator  
  148  8:51  Warp Prism (Chrono Boost)  
  146  9:02  Pylon  
  146  9:04  Pylon  
  146  9:06  Pylon  
  146  9:07  Gateway, Pylon  
  146  9:08  Gateway  
  146  9:18  Stalker x7  
  146  9:20  Immortal (Chrono Boost)  
  146  9:24  Pylon  
  152  9:34  Stalker  
  152  9:44  Photon Cannon, Shield Battery  
  152  9:46  Shield Battery  
  152  9:51  Protoss Ground Weapons Level 3  
  152  9:55  Immortal (Chrono Boost), Stalker x3  
  152  9:56  Stalker x3  
  168  10:02  Stalker x2  
  166  10:15  Psionic Storm  
  166  10:18  Stalker x4  
  166  10:19  Stalker x3  
  176  10:29  Observer (Chrono Boost)  
  177  10:38  Photon Cannon, Shield Battery  
  177  10:40  Fleet Beacon  
  174  10:42  Stargate  
  174  10:47  Robotics Facility  
  174  10:49  Observer  
  169  10:52  Protoss Air Weapons Level 1 (Chrono Boost)  
  169  11:04  Oracle  
  168  11:27  Photon Cannon  
  168  11:30  Photon Cannon  
  168  11:31  Carrier x2, Photon Cannon  
  168  11:33  Zealot  
  168  11:34  Zealot x2  
  168  11:37  Photon Cannon  
  168  11:39  Mothership (Chrono Boost)  
  159  12:10  High Templar x4, Stargate  
  167  12:20  Pylon  
  167  12:24  Immortal  
  167  12:27  Nexus  
  167  12:29  Pylon  
  171  12:33  Carrier (Chrono Boost)  
  187  12:59  Carrier (Chrono Boost)  
  187  13:01  Carrier (Chrono Boost)  
  185  13:06  Protoss Air Weapons Level 2 (Chrono Boost), Archon  
  167  13:33  Carrier (Chrono Boost)  
  161  13:35  High Templar x2  
  161  13:38  Assimilator  
  165  13:43  Assimilator  
  165  13:44  Photon Cannon  
  165  13:45  Photon Cannon  
  165  13:47  Photon Cannon, Shield Battery  
  165  13:48  Photon Cannon, Shield Battery  
  165  13:49  Photon Cannon  
  165  13:51  Zealot x4  
  165  13:52  Photon Cannon  
  165  13:53  Photon Cannon  
  159  13:56  Shield Battery  
  159  13:58  Shield Battery  
  159  14:00  Photon Cannon  
  139  14:04  Immortal  
  139  14:06  Carrier (Chrono Boost), Zealot x4  
  139  14:09  Observer  
  130  14:26  High Templar x2  
  130  14:27  Zealot x5  
  138  14:35  Carrier (Chrono Boost)  
  138  14:51  Nexus  
  138  14:52  Pylon  
  138  14:58  High Templar x3  
  138  14:59  High Templar x3  
  154  15:14  Mothership (Chrono Boost)  
  154  15:20  Nexus, Shield Battery  
  154  15:21  Shield Battery  
  154  15:24  Immortal  
  154  15:25  Photon Cannon  
  158  15:31  Carrier  
  164  15:40  Observer  
  164  15:47  Archon  
  154  16:08  Observer  
  149  16:22  Stalker x6  
  149  16:23  Stalker  
  131  16:39  Stalker x2  
  127  16:40  Stalker  
  130  16:47  Observer  
  130  16:53  Zealot x4, Stalker  

Tags
 
Add a new tag
Caveats
  • Supply blocks, unpowered buildings, or Contaminate may cause inaccurate times.
  • Supply counts are checked every 10 seconds.